 Dungeon Crawl Stone Soup version 0.28-a0-381-g937acc2988 (webtiles) character file.

Game seed: 17468278245304527778

44 swashedbuckles the Cutter (level 3, -1/27 HPs)
             Began as a Demonspawn Gladiator on Sept 1, 2021.
             Slain by a goblin (2 damage)
             ... led by Robin
             ... on level 2 of the Dungeon.
             The game lasted 00:09:21 (2307 turns).

swashedbuckles the Cutter (Demonspawn Gladiator)    Turns: 2307, Time: 00:09:21

Health: -1/27      AC:  5    Str: 15    XL:     3   Next: 41%
Magic:  3/3        EV: 11    Int:  9    God:
Gold:   87         SH:  0    Dex: 14    Spells: 2/2 levels left

rFire   . . .      SeeInvis .   a - +0 rapier
rCold   . . .      Faith    .   (no shield)
rNeg    . . .      Spirit   .   e - +0 ring mail
rPois   .          Reflect  .   (helmet restricted)
rElec   .          Harm     .   (no cloak)
rCorr   .          Rampage  .   (no gloves)
Will    .....                   (no boots)
Stlth   +.........              (no amulet)
HPRegen 0.09/turn               (no ring)
MPRegen 0.08/turn               (no ring)

@: no status effects
A: claws 1, horns 1
a: no special abilities


You were on level 2 of the Dungeon.
You visited 1 branch of the dungeon, and saw 2 of its levels.

You collected 87 gold pieces.

Inventory:

Hand Weapons
 a - a +0 rapier (weapon)
Missiles
 d - 3 throwing nets (quivered)
Armour
 c - a +0 helmet
 e - a +0 ring mail (worn)
Scrolls
 b - a scroll of amnesia {unknown}
 f - a scroll of identify {unknown}
 h - a scroll of teleportation {unknown}
Potions
 g - a potion of curing {unknown}


   Skills:
 + Level 2.0 Fighting
 + Level 3.4 Short Blades
 + Level 1.8 Throwing
 + Level 0.9 Armour
 + Level 3.1 Dodging
 + Level 0.1 Stealth


You had 2 spell levels left.
You didn't know any spells.
Your spell library was empty.

Dungeon Overview and Level Annotations

Branches:
Dungeon (2/15)

Altars:

Annotations:
D:2 Robin


Innate Abilities, Weirdness & Mutations

You have sharp fingernails.
You have a pair of small horns on your head.


Message History

You puncture the goblin!
You kill the goblin!
Robin throws the goblin at you! The goblin hits you but does no damage.
The goblin misses you. The goblin hits you but does no damage.
The hobgoblin barely misses you.
You hit the goblin.
You kill the goblin!
The goblin closely misses you. The hobgoblin barely misses you.
You hit the goblin.
You kill the goblin!
Robin throws the goblin at you! The goblin barely misses you.
The goblin hits you with a +0 dagger. The goblin closely misses you.
The hobgoblin barely misses you.
You closely miss the goblin. You headbutt the goblin.
You kill the goblin!
Robin roars a battlecry!
The goblins go into a battle-frenzy!
The goblin closely misses you. The goblin hits you but does no damage.
The hobgoblin hits you but does no damage.
You hit the goblin. You headbutt the goblin.
The goblin is severely wounded.
The goblin hits you with a +0 dagger. The goblin hits you but does no damage.
The hobgoblin hits you. The goblin barely misses you.
Robin throws the goblin at you! The goblin hits you but does no damage.
Items here: ))) †.
You puncture the goblin!
You kill the goblin!
The goblin hits you with a +0 dagger.
* * * LOW HITPOINT WARNING * * *
Robin throws the goblin at you! The goblin hits you with a +0 dagger.
* * * LOW HITPOINT WARNING * * *
The goblin hits you but does no damage. x2
Unknown command.
You are too injured to fight recklessly!
You are too injured to fight recklessly!
You hit the goblin.
The goblin is severely wounded.
The goblin hits you with a +0 dagger.
You die...

#.#..## #.#...#
#.#.#.#### #.#.#.....
#....#.# ####.#.#
#.....# #.###########
#.##.## #.....gg@g..#
#.##.#
......gg###.#######.##.#
......g.# #.#.......##.#
........# #.#.......##.#
........# #.#.......##..
........# #.#.......####
........# #.#######.#
........# #.#######.#
#.........#


You could see Robin, a hobgoblin (strong) and 4 goblins.

Vanquished Creatures
  5 bats (D:1)
  5 endoplasms
  A giant cockroach (D:1)
  10 goblins
  2 hobgoblins
  5 kobolds
  3 quokkas (D:1)
  3 ball pythons
  A frilled lizard (D:2)
  3 rats
38 creatures vanquished.

Notes
Turn   | Place    | Note
-------+----------+-------------------------------------------
     0 | D:1      | swashedbuckles the Demonspawn Gladiator began the quest for
                  | the Orb.
     0 | D:1      | Reached XP level 1. HP: 16/16 MP: 1/1
   271 | D:1      | Gained mutation: You have sharp fingernails. [demonic
                  | ancestry]
   271 | D:1      | Reached XP level 2. HP: 9/22 MP: 2/2
   945 | D:1      | Found a faded altar of an unknown god.
  1068 | D:1      | Gained mutation: You have a pair of small horns on your
                  | head. [demonic ancestry]
  1068 | D:1      | Reached XP level 3. HP: 27/27 MP: 3/3
  2296 | D:2      | Noticed Robin
  2306 | D:2      | HP: 1/27 [goblin[Robin] (5)]
  2307 | D:2      | Slain by a goblin

Illustrated notes

Levels and vault maps discovered:
D:1:      arrival_zaba_pyramid, layout_basic, chequers_ecumenical_altar_simple,
          minmay_tiny_reverse_x
D:2:      minmay_chambers_of_twos, layout_basic, uniq_robin

Skill      XL: |  1  2 |
---------------+-------+-----
Short Blades   | 3 |  3.4
Dodging        | 3 |  3.1
Fighting       | |  2.0
Throwing       | |  1.8
Armour         | |  0.9
Stealth        | |  0.1

Action                   || total
-------------------------++-------
Melee: Rapier            ||   100
       Headbutt          ||     3
Armor: Ring mail         ||    64
       Leather armour    ||     3
Dodge: Dodged            ||    76

Table legend: (Time is in decaauts)
 A = Elapsed time spent in this place.
 B = Non-inter-level travel time spent in this place.
 C = Inter-level travel time spent in this place.
 D = Time resting spent in this place.
 E = Time spent auto-exploring this place.
 F = Levels seen in this place.
 G = Mean time per level.
                   A        B        C        D        E       F      G
               +--------+--------+--------+--------+--------+-----+--------+
         Total |   2311 |   2246 |     65 |      0 |   1041 |   2 | 1155.5 |
       Dungeon |   2311 |   2246 |     65 |      0 |   1041 |   2 | 1155.5 |
               +--------+--------+--------+--------+--------+-----+--------+

Top non-repeatable levels by time:
     D:1: 1796 daAuts
     D:2: 514 daAuts
